 Dungeon Crawl Stone Soup version 0.30-a0-924-g0ad0bf95bc (webtiles) character file.

Game seed: 1924601022162548626

116 tilp the Slasher (level 5, 0/46 HPs)
             Began as a Meteoran Fighter on Mar 22, 2023.
             Splashed by a jelly's acid (10 damage)
             ... on level 2 of the Dungeon.
             The game lasted 00:03:01 (782 turns).

tilp the Slasher (Meteoran Fighter)                  Turns: 782, Time: 00:03:03

Health: 0/46       AC:  7    Str: 17    XL:     5   Next: 45%
Magic:  6/6        EV:  9    Int: 10    God:
Gold:   50         SH:  5    Dex: 15    Spells: 4/4 levels left

rFire   . . .      SeeInvis .    a - +0 long sword
rCold   . . .      Faith    .    c - +0 buckler
rNeg    + . .      Spirit   .    e - +0 pearl dragon scales
rPois   .          Reflect  .    (no helmet)
rElec   .          Rampage  .    (no cloak)
rCorr   .                        (no gloves)
Will    .....                    (no boots) Stlth
                                 (no amulet)
HPRegen 0.27/turn                (no ring)
MPRegen 0.10/turn                (no ring)

@: corroded, glowing
A: sense surroundings 1, otherworldly, glowing, explore regen
a: no special abilities


You were on level 2 of the Dungeon.
You visited 1 branch of the dungeon, and saw 3 of its levels.

You collected 50 gold pieces.

Inventory:

Hand Weapons
 a - a +0 long sword (weapon)
Missiles
 j - 8 stones (quivered)
 l - 10 poisoned darts
Armour
 c - a +0 buckler (worn)
 e - +0 pearl dragon scales (worn)
Jewellery
 k - an amulet of faith
Scrolls
 b - 2 scrolls of immolation {unknown}
Potions
 d - a potion of might
 f - 2 potions of heal wounds {unknown}
 g - a potion of berserk rage {unknown}
 h - a potion of curing {unknown}
 i - a potion of degeneration {unknown}
 m - 2 potions of mutation {unknown}


   Skills:
 - Level 4.0 Fighting
 * Level 5.0 Long Blades
 - Level 3.6 Armour
 - Level 2.0 Dodging
 - Level 3.6 Shields


You had 4 spell levels left.
You didn't know any spells.
Your spell library was empty.

Dungeon Overview and Level Annotations

Branches:
Dungeon (3/15) Zot: 965

Altars:

Shops:
D:2 [


Innate Abilities, Weirdness & Mutations

You passively map a small area around you.
You are easily found by Zot.
You glow in the dark.
You regain HP and MP as you explore.


Message History

You open the door.
A jelly and an endoplasm come into view.
The jelly quivers.
The endoplasm quivers.
Found a hobgoblin skeleton. 8 endoplasms and 2 jellies come into view.
Found four items.
The endoplasm quivers. x4; The jelly quivers. x2
You block the jelly's attack.
The endoplasm hits the fungus.
The fungus begins to die.
There is an open door here.
The jelly attacks as you move away! The jelly hits you but does no damage.
You hit the jelly.
Your hands burn!
The jelly is lightly wounded.
The jelly hits you.
You are splashed with acid!
You slash the jelly! The acid corrodes you!
Your hands burn!
The jelly is almost dead.
The jelly jiggles.
The jelly hits you but does no damage.
You hit the jelly.
You kill the jelly!
Your Long Blades skill increases to level 5!
You hit the endoplasm but do no damage. You block the endoplasm's attack.
You hit the endoplasm.
The endoplasm is heavily wounded.
You completely miss the jelly. The jelly hits you but does no damage.
You hit the jelly.
Your hands burn!
The jelly is lightly wounded.
You block the jelly's attack.
You hit the jelly but do no damage.
Your hands burn!
The jelly is lightly wounded.
The jelly hits you.
You are splashed with acid!
* * * LOW HITPOINT WARNING * * *
You are too injured to fight recklessly!
You slash the jelly!
Your hands burn!
* * * LOW HITPOINT WARNING * * *
The jelly is heavily wounded.
The jelly closely misses you. The jelly hits you.
* * * LOW HITPOINT WARNING * * *
You are splashed with acid!
You die...

...... *########## , ,..., .##...
"..P.P...# , ,*#.### ......
..÷JJ..P.# ** ####.... ....##
,**.J.P÷P.P÷# #....... ......
.PJP.J...# #. .#.#..... .##...,,
*JP.P.P.J.# #...#.#..... .##...,
**.J.÷.JJJJ# #...#.#.#...
.##.....**#######J#* #.......#...
....#.. *##..)..@## #.....# #...
....... *#.######## #.#..####...
....... *##..'....# #...........
....#.# * ####....####......†....
....#.#####.......##.............
....#....##.......##.............
....#.##.##.......##.............
....#.##.##.......##.............
....#.##.###.....###......###....


You could see a jelly and 3 endoplasms.

Vanquished Creatures
  A jelly (D:2)
  4 adders (D:2)
  2 worms
  3 dart slugs
  2 ball pythons (D:2)
  6 bats
  5 endoplasms
  3 jackals (D:2)
  3 quokkas (D:2)
  4 frilled lizards
  10 kobolds (D:2)
  A rat (D:2)
44 creatures vanquished.

Vanquished Creatures (others)
  6 fungi (D:2)
  7 toadstools (D:2)
13 creatures vanquished.

Grand Total: 57 creatures vanquished

Notes
Turn   | Place    | Note
-------+----------+-------------------------------------------
     0 | D:1      | tilp the Meteoran Fighter began the quest for the Orb.
     0 | D:1      | Reached XP level 1. HP: 19/19 MP: 2/2
    46 | D:1      | Reached XP level 2. HP: 24/26 MP: 3/3
   150 | D:2      | Reached skill level 3 in Long Blades
   171 | D:2      | Found a faded altar of an unknown god.
   180 | D:2      | Reached skill level 1 in Dodging
   193 | D:2      | Reached XP level 3. HP: 14/31 MP: 4/4
   215 | D:2      | Found Hiavayre's Antique Armour Shop.
   430 | D:2      | Reached XP level 4. HP: 34/40 MP: 5/5
   502 | D:2      | Reached skill level 4 in Long Blades
   655 | D:2      | Reached XP level 5. HP: 46/46 MP: 6/6
   777 | D:2      | Reached skill level 5 in Long Blades
   782 | D:2      | Splashed by a jelly's acid

Illustrated notes

Levels and vault maps discovered:
D:1:      minmay_arrival_split_and_join, layout_loops_ring, serial_forest,
          infiniplex_forest_lined_room_, infiniplex_forest_end_2,
          infiniplex_forest_lined_4_way, infiniplex_forest_straight_2,
          infiniplex_forest_straight_5, infiniplex_forest_clump_small,
          infiniplex_forest_corner_2, infiniplex_forest_clump_tiny,
          infiniplex_forest_clump_tiny
D:2:      cheibrodos_fertilizer, layout_basic,
          chequers_ecumenical_altar_simple_redux, serial_shops,
          nicolae_shop_statue_plus
D:3:      kennysheep_big_flooded_room, layout_basic, serial_curves,
          eino_curves_01, eino_curves_03, ebering_ghost_rock_garden

Skill      XL: |  1  2  3  4  5 |
---------------+----------------+-----
Long Blades    | 3 4 5 |  5.0
Dodging        | 1 2 |  2.0
Fighting       | 4 |  4.0
Armour         | |  3.6
Shields        | |  3.6

Action                     |  1- 3 |  4- 6 || total
---------------------------+-------+-------++-------
  Melee: Long sword        |   114 |    75 ||   189
 Armour: Scale mail        |     9 |       ||     9
         Pearl dragon scal |    78 |    49 ||   127
  Dodge: Dodged            |    49 |    41 ||    90
  Block: Buckler           |    38 |    25 ||    63

Table legend: (Time is in decaauts)
 A = Elapsed time spent in this place.
 B = Non-inter-level travel time spent in this place.
 C = Inter-level travel time spent in this place.
 D = Time resting spent in this place.
 E = Time spent auto-exploring this place.
 F = Levels seen in this place.
 G = Mean time per level.
                   A        B        C        D        E       F      G
               +--------+--------+--------+--------+--------+-----+--------+
         Total |    833 |    796 |     37 |      0 |      0 |   3 |  277.7 |
       Dungeon |    833 |    796 |     37 |      0 |      0 |   3 |  277.7 |
               +--------+--------+--------+--------+--------+-----+--------+

Top non-repeatable levels by time:
     D:2: 639 daAuts
     D:1: 155 daAuts
     D:3: 38 daAuts
